 Dungeon Sprint DCSS version 0.13-a0-2776-g5b28ffd (webtiles) character file.

10074 JacquesDerrida the Fencer (level 11, 45/81 HPs)
             Began as a Demonspawn Skald on Aug 25, 2013.
             Was a High Priest of Okawaru.
             Quit the game in the Dungeon (Sprint VII: "The Pits").
             The game lasted 00:13:23 (1755 turns).

JacquesDerrida the Fencer (Demonspawn Skald)        Turns: 1755, Time: 00:13:23

HP  45/81        AC 17     Str 14      XL: 11   Next: 31%
MP  23/23        EV 13     Int 19      God: Okawaru [*****.]
Gold 20          SH  0     Dex 12      Spells:  4 memorised, 11 levels left

Res.Fire  : . . .   See Invis. : .   j - +1,+3 great sword (flame)
Res.Cold  : . . .   Warding    : .   a - +3 ring mail
Life Prot.: . . .   Conserve   : .   (no shield)
Res.Poison: .       Res.Corr.  : .   (helmet restricted)
Res.Elec. : .       Clarity    : .   y - +0 dwarf cloak
Sust.Abil.: . .     Spirit.Shd : +   z - +0 pair of gloves
Res.Mut.  : .       Prev.Telep.: +   x - +0 pair of dwarf boots
Res.Rott. : .       Flight     : .   (no amulet)
Saprovore : . . .                    w - +3 ring of intelligence
                                     u - +3 ring of evasion

@: somewhat resistant to hostile enchantments, extremely unstealthy
A: horns 2, powered by death 2, magic shield, AC +3
a: Heroism, Finesse, Renounce Religion


You were in the Dungeon.
You worshipped Okawaru.
Okawaru was exalted by your worship.
You were hungry.

You visited 1 branch

Inventory:

Hand weapons
 j - a +1,+3 great sword of flaming (weapon)
 k - a +1,+3 scimitar of flaming
 t - a +2,+4 orcish long sword of flaming
Armour
 a - a +3 ring mail (worn)
 b - a +0 leather armour
 x - a +0 pair of dwarven boots (worn)
 y - a +0 dwarven cloak (worn)
 z - a +0 pair of gloves (worn)
Comestibles
 d - 3 bread rations
 l - 23 strawberries
 m - 4 meat rations
 r - a rotting chunk of blink frog flesh
Jewellery
 u - a +3 ring of evasion (left hand)
 w - a +3 ring of intelligence (right hand)
Potions
 e - 6 potions of curing
 f - 2 potions of heal wounds
 g - a potion of speed
 h - 4 potions of magic
 i - a potion of berserk rage
 n - a potion of invisibility
 s - a potion of agility
 v - 2 potions of brilliance
Books
 c - a book of Battle

   Spells                             Type                      Level
   *Infusion                          Charms                       1
   *Shroud of Golubria                Charms/Translocation         2
   Song of Slaying                    Charms                       2
   *Spectral Weapon                   Hexes/Charms                 3
   *Regeneration                      Charms/Necromancy            3
   Song of Shielding                  Charms                       4


   Skills:
 - Level 8.5 Fighting
 + Level 17.0 Long Blades
 + Level 10.5 Armour
 + Level 0.8 Dodging
 - Level 5.2 Spellcasting
 - Level 13.1 Charms


You had 11 spell levels left.
You knew the following spells:

 Your Spells              Type           Power        Failure   Level  Hunger
a - Infusion              Chrm           ######       1%          1    None
b - Shroud of Golubria    Chrm/Tloc      ####......   1%          2    None
c - Spectral Weapon       Hex/Chrm       ####....     2%          3    ##.....
d - Regeneration          Chrm/Necr      ####......   2%          3    ##.....


Dungeon Overview and Level Annotations

Branches:
Dungeon (1/1)

Altars:
Ashenzari
Cheibriados
Elyvilon
Fedhas
Kikubaaqudgha
Makhleb
Nemelex Xobeh
Okawaru
Sif Muna
Trog
Vehumet
Xom
Yredelemnul
Zin
the Shining One
Beogh
Jiyva
Lugonu


Innate Abilities, Weirdness & Mutations

You have a pair of horns on your head.
You are mostly covered in yellow scales (AC +3).
You can steal the life force of defeated enemies.
When hurt, damage is shared between your health and your magic reserves.


Message History

Your Charms skill increases to level 13!
You are engulfed in roaring flames.
* * * LOW HITPOINT WARNING * * *
Unknown command.
There is an open door, spattered with blood here.
You feel a strong urge to attack something.
You feel your anger subside.
You are no longer berserk.
You are exhausted.
You feel yourself slow down.
You are feeling hungry.
You start resting.
You feel like a meek peon again.
You start resting.
You feel yourself speed up.
You start resting.
You feel less exhausted.
You start resting.
Magic restored.
Are you sure you want to abandon this character and quit the game? (Confirm with "yes".)

..#......##..#
.........++..#
.........++..#
..#......##....x..
.........# .....
##''###### ####
##''################ ###
##..#..........)...###..#
##..##..........@...#..#
##..####...#'######...#
##..#..#####[##...##'##
##..#....##..?#...#...#
##..'.....#...#...#...#
##..'.%..))...'.).'..t+
##..'.....#...#...#...#
##..#....##...#...#...#
##..#..#####.##...##+##


There were no monsters in sight!

Vanquished Creatures
  Erica (D)
  A fire crab (D)
  A deep troll (D)
  4 skeletal warriors (D)
  5 harpies (D)
  A komodo dragon (D)
  Prince Ribbit (D)
  5 blink frogs (D)
  A flying skull (D)
  A trapdoor spider (D)
  4 yaks (D)
  A hungry ghost (D)
  4 wolves (D)
  A mottled dragon (D)
  A crocodile (D)
  A warg (D)
  A giant slug (D)
  A brain worm (D)
  A giant frog (D)
  3 killer bees (D)
  A crimson imp (D)
  An iron imp (D)
  A hound (D)
  2 orc priests (D)
  A worker ant (D)
  9 sheep (D)
  An adder skeleton (D)
  A giant eyeball (D)
  2 giant geckos (D)
  An ooze (D)
  2 orcs (D)
  2 bats (D)
  2 goblins (D)
  A hobgoblin (D)
  A quokka (D)
  A kobold (D)
68 creatures vanquished.

Vanquished Creatures (collateral kills)
  A yak (D)
1 creature vanquished.

Vanquished Creatures (others)
  3 spectral weapons (D)
  A small abomination (D)
4 creatures vanquished.

Grand Total: 73 creatures vanquished

Notes
Turn   | Place    | Note
--------------------------------------------------------------
     0 | D        | JacquesDerrida, the Demonspawn Skald, began the quest for the Orb.
     0 | D        | Reached XP level 1. HP: 15/15 MP: 3/3
    40 | D        | Found a viscous altar of Jiyva.
    40 | D        | Found a corrupted altar of Lugonu.
    40 | D        | Found a sparkling altar of Nemelex Xobeh.
    40 | D        | Found a shimmering altar of Xom.
    40 | D        | Found a deep blue altar of Sif Muna.
    40 | D        | Found a bloodstained altar of Trog.
    41 | D        | Found an iron altar of Okawaru.
    41 | D        | Found a roughly hewn altar of Beogh.
    41 | D        | Found a burning altar of Makhleb.
    41 | D        | Found an ancient bone altar of Kikubaaqudgha.
    41 | D        | Found a glowing silver altar of Zin.
    41 | D        | Found a radiant altar of Vehumet.
    41 | D        | Found a blossoming altar of Fedhas.
    41 | D        | Found a snail-covered altar of Cheibriados.
    41 | D        | Found a white marble altar of Elyvilon.
    41 | D        | Found a basalt altar of Yredelemnul.
    41 | D        | Found a glowing golden altar of the Shining One.
    41 | D        | Found a shattered altar of Ashenzari.
    48 | D        | Became a worshipper of Warmaster Okawaru
    61 | D        | Reached skill level 3 in Charms
    62 | D        | Noticed a worker ant
    70 | D        | Killed a worker ant
    70 | D        | Reached skill level 4 in Long Blades
    70 | D        | Gained mutation: You are partially covered in yellow scales (AC +2). [demonic ancestry]
    70 | D        | Reached XP level 2. HP: 14/21 MP: 0/5
   171 | D        | Learned a level 2 spell: Shroud of Golubria
   176 | D        | Gained mutation: You can steal the life force of nearby defeated enemies. [demonic ancestry]
   176 | D        | Reached XP level 3. HP: 26/26 MP: 6/6
   187 | D        | Learned a level 3 spell: Spectral Weapon
   188 | D        | Noticed a brain worm
   190 | D        | Noticed an iron imp
   197 | D        | Killed a brain worm
   197 | D        | Reached skill level 6 in Long Blades
   197 | D        | Reached skill level 5 in Charms
   197 | D        | Gained mutation: You are mostly covered in yellow scales (AC +3). [demonic ancestry]
   197 | D        | Reached XP level 4. HP: 33/33 MP: 5/8
   202 | D        | Killed an iron imp
   202 | D        | Acquired Okawaru's first power
   202 | D        | Reached skill level 7 in Long Blades
   217 | D        | JacquesDerrida: вау
   258 | D        | Noticed Prince Ribbit
   260 | D        | Noticed a crimson imp
   260 | D        | Noticed a hungry ghost
   261 | D        | Noticed a hound
   272 | D        | Killed a hungry ghost
   272 | D        | Reached skill level 10 in Long Blades
   272 | D        | Gained mutation: You can steal the life force of defeated enemies. [demonic ancestry]
   272 | D        | Reached XP level 5. HP: 36/38 MP: 4/9
   288 | D        | Killed a hound
   288 | D        | Gained mutation: You have a pair of small horns on your head. [demonic ancestry]
   288 | D        | Reached XP level 6. HP: 41/44 MP: 0/11
   302 | D        | Killed a crimson imp
   302 | D        | Reached skill level 11 in Long Blades
   306 | D        | Killed Prince Ribbit
   306 | D        | Reached skill level 12 in Long Blades
   306 | D        | Reached XP level 7. HP: 35/49 MP: 2/12
   381 | D        | Noticed an orc priest
   384 | D        | Killed an orc priest
   384 | D        | Reached skill level 1 in Armour
   411 | D        | Noticed Erica
   423 | D        | Killed Erica
   423 | D        | Reached XP level 8. HP: 36/61 MP: 8/14
   493 | D        | Noticed a flying skull
   493 | D        | Noticed a warg
   500 | D        | Killed a warg
   508 | D        | Killed a flying skull
   518 | D        | Noticed a wolf
   518 | D        | Noticed a wolf
   518 | D        | Noticed a wolf
   518 | D        | Noticed a wolf
   518 | D        | Noticed a killer bee
   518 | D        | Noticed a killer bee
   518 | D        | Noticed a killer bee
   538 | D        | Killed a killer bee
   541 | D        | Killed a wolf
   543 | D        | Killed a killer bee
   544 | D        | Killed a wolf
   545 | D        | Killed a wolf
   549 | D        | Killed a wolf
   549 | D        | Reached skill level 10 in Armour
   549 | D        | Reached XP level 9. HP: 68/68 MP: 7/15
   558 | D        | Killed a killer bee
   695 | D        | Learned a level 3 spell: Regeneration
   779 | D        | Noticed a small abomination
   818 | D        | Noticed a deep troll
   818 | D        | Noticed a crocodile
   850 | D        | Killed a crocodile
   857 | D        | Killed a deep troll
   857 | D        | Acquired Okawaru's second power
   857 | D        | Reached skill level 13 in Long Blades
   857 | D        | Reached skill level 5 in Spellcasting
  1011 | D        | Noticed a yak
  1016 | D        | Killed a yak
  1018 | D        | Noticed a giant frog
  1018 | D        | Noticed a yak
  1018 | D        | Noticed a yak
  1018 | D        | Noticed a yak
  1018 | D        | Noticed a mottled dragon
  1019 | D        | Noticed an orc priest
  1019 | D        | Noticed a yak
  1028 | D        | Killed a yak
  1030 | D        | Killed a mottled dragon
  1042 | D        | Killed a yak
  1045 | D        | Killed a yak
  1052 | D        | Killed a yak
  1054 | D        | Killed a giant frog
  1054 | D        | Reached skill level 14 in Long Blades
  1063 | D        | Killed an orc priest
  1083 | D        | Noticed a trapdoor spider
  1086 | D        | Noticed a skeletal warrior
  1087 | D        | Killed a trapdoor spider
  1087 | D        | Gained mutation: When hurt, damage is shared between your health and your magic reserves. [demonic ancestry]
  1087 | D        | Reached XP level 10. HP: 69/75 MP: 7/22
  1089 | D        | Noticed a skeletal warrior
  1097 | D        | Killed a skeletal warrior
  1106 | D        | Killed a skeletal warrior
  1111 | D        | Received a gift from Okawaru
  1342 | D        | Noticed a blink frog
  1343 | D        | Noticed a blink frog
  1343 | D        | Noticed a blink frog
  1343 | D        | Noticed a blink frog
  1344 | D        | Noticed a blink frog
  1344 | D        | Noticed a skeletal warrior
  1344 | D        | Noticed a skeletal warrior
  1345 | D        | Noticed a harpy
  1350 | D        | Noticed a harpy
  1363 | D        | Killed a harpy
  1363 | D        | Reached skill level 15 in Long Blades
  1363 | D        | Reached skill level 10 in Charms
  1381 | D        | JacquesDerrida: сирани спирит шилд
  1384 | D        | Killed a skeletal warrior
  1397 | D        | Killed a skeletal warrior
  1398 | D        | Killed a blink frog
  1402 | D        | Killed a blink frog
  1522 | D        | Noticed a harpy
  1522 | D        | Noticed a harpy
  1522 | D        | Noticed a harpy
  1522 | D        | Noticed a fire crab
  1524 | D        | Noticed a giant slug
  1533 | D        | Killed a harpy
  1533 | D        | Reached skill level 16 in Long Blades
  1538 | D        | Killed a blink frog
  1545 | D        | Killed a harpy
  1545 | D        | Gained mutation: You have a pair of horns on your head. [demonic ancestry]
  1545 | D        | Reached XP level 11. HP: 35/81 MP: 9/23
  1553 | D        | Killed a blink frog
  1555 | D        | Killed a harpy
  1555 | D        | Received a gift from Okawaru
  1556 | D        | Noticed a komodo dragon
  1561 | D        | Killed a giant slug
  1571 | D        | Killed a harpy
  1584 | D        | Killed a komodo dragon
  1586 | D        | Killed a blink frog
  1637 | D        | JacquesDerrida: кошку выпущу
  1637 | D        | runewalsh: ∑:3
  1637 | D        | JacquesDerrida: дал фарша, а они все разом пошли срать
  1637 | D        | JacquesDerrida: на что-то намекают
  1658 | D        | Killed a fire crab
  1658 | D        | Reached skill level 17 in Long Blades
  1659 | D        | JacquesDerrida: с такими мутациями только табать
  1659 | D        | JacquesDerrida: (((
  1755 | D        | JacquesDerrida: не
  1755 | D        | Quit the game

Action                   |  1- 3 |  4- 6 |  7- 9 | 10-12 || total
-------------------------+-------+-------+-------+-------++-------
Melee: Falchion          |    22 |     8 |       |       ||    30
       Long sword        |       |    36 |     7 |       ||    43
       Scimitar          |       |       |    93 |    15 ||   108
       Great sword       |       |       |       |    76 ||    76
 Cast: Infusion          |     1 |     1 |     2 |     1 ||     5
       Spectral Weapon   |     1 |       |     7 |     2 ||    10
       Shroud of Golubri |       |       |     1 |       ||     1
       Regeneration      |       |       |       |     1 ||     1
Invok: Heroism           |       |     1 |     3 |     3 ||     7
  Use: Potion            |       |       |     7 |     8 ||    15
       Scroll            |       |       |     1 |       ||     1
 Stab: Distracted        |       |       |     1 |       ||     1
       Invisible         |       |       |       |    10 ||    10
